 Dungeon Crawl Stone Soup version 0.19.0-22-gd96e5fe (webtiles) character file.

335 Kemay the Changer (level 6, 0/38 HPs)
             Began as an Octopode Transmuter on Nov 19, 2016.
             Was an Initiate of Sif Muna.
             Killed by nerve-wracking pain
             ... invoked by Grinder
              (7 damage)
             ... on level 4 of the Dungeon.
             The game lasted 00:26:41 (5175 turns).

Kemay the Changer (Octopode Transmuter)             Turns: 5175, Time: 00:26:42

Health: 0/38       AC:  4    Str:  6 (9)  XL:     6   Next: 53%
Magic:  6/9        EV: 13    Int: 12 (15) God:    Sif Muna [......]
Gold:   189        SH:  3    Dex: 14 (15) Spells: 3 memorised, 0 levels left

rFire  . . .     SeeInvis .       - Unarmed
rCold  . . .     Gourm    .     (no shield)
rNeg   . . .     Faith    .     (helmet restricted)
rPois  .         Spirit   .     d - +3 amulet of reflection
rElec  .         Reflect  +     h - +3 ring of protection
rCorr  .         Harm     .     q - ring of loudness (curse)
MR     .....                    (no ring)
Stlth  +.........               (no ring)
                                (no ring)
                                (no ring)
                                (no ring)
                                (no ring)

@: appendage
A: almost no armour, stealthy swim, amphibious, 8 rings, constrict 8, tentacle
spike 3, camouflage 1, gelatinous body 1
a: End Transformation, Renounce Religion


You were on level 4 of the Dungeon.
You worshipped Sif Muna.
Sif Muna was noncommittal.
You were not hungry.
One of your tentacles had a temporary spike.
You visited 2 branches of the dungeon, and saw 5 of its levels.

You collected 189 gold pieces.

Inventory:

Hand Weapons
 p - a +0 spear of flaming
Missiles
 a - 28 arrows
Magical Staves
 s - an uncursed staff of death {unknown}
Jewellery
 d - a +3 amulet of reflection (around mantle)
 h - a +3 ring of protection (left tentacle)
 q - a cursed ring of loudness (right tentacle)
Scrolls
 l - a scroll of amnesia
 m - 2 scrolls of immolation
 n - a scroll of teleportation
 o - a scroll of fog
Potions
 e - a potion of might
 g - 3 potions of agility
 i - a potion of haste
 j - 3 potions of curing
Books
 b - a book of Changes

   Spells                             Type                      Level
   a - Beastly Appendage              Transmutation                1
   b - Sticks to Snakes               Transmutation                2
   c - Spider Form                    Transmutation/Poison         3
   d - Ice Form                       Ice/Transmutation            4
   e - Blade Hands                    Transmutation                5
Comestibles
 c - 3 bread rations


   Skills:
 - Level 1.0 Fighting
 - Level 2.0 Dodging
 - Level 3.0 Unarmed Combat
 - Level 2.0 Spellcasting
 + Level 6.0 Transmutations
 - Level 3.2 Poison Magic


You couldn't memorise any spells.
You knew the following spells:

 Your Spells              Type           Power        Failure   Level  Hunger
a - Beastly Appendage     Tmut           ###...       1%          1    ##.....
b - Spider Form           Tmut/Pois      ##........   14%         3    ####...
c - Blade Hands           Tmut           ###.......   67%         5    ######.


Dungeon Overview and Level Annotations

Branches:
Dungeon (4/15)             Temple (1/1) D:4

Altars:
Cheibriados
Dithmenos
Gozag
Hepliaklqana
Kikubaaqudgha
Nemelex Xobeh
Okawaru
Sif Muna
Trog
Uskayaw
Vehumet
Xom
Yredelemnul
The Shining One

Shops:
D:4 !

Annotations:
D:4 1 runed door, Grinder


Innate Abilities, Weirdness & Mutations

You cannot wear most types of armour.
You are very stealthy in the water. (Stealth+)
You are amphibious.
You can wear up to eight rings at the same time.
You can use your tentacles to constrict eight enemies at once.
Your skin changes colour to match your surroundings (Stealth+).
Your rubbery body absorbs attacks. (AC +1, EV +1)
One of your tentacles bears a large vicious spike.


Message History

Grinder is moderately wounded.
You constrict Grinder. Grinder hits you.
You writhe in agony.
You tentacle-slap Grinder but do no damage.
You squeeze Grinder, but do no damage.
Grinder is heavily wounded.
You constrict Grinder. Grinder gestures at you. Pain shoots through your body!
You tentacle-slap Grinder. You squeeze Grinder.
Grinder is heavily wounded.
You constrict Grinder. Grinder hits you.
* * * LOW HITPOINT WARNING * * *
You writhe in agony.
* * * LOW HITPOINT WARNING * * *
You tentacle-slap Grinder but do no damage.
Grinder is heavily wounded.
You constrict Grinder. Grinder gestures at you. Pain shoots through your body!
You die...

.........##..#################.##
.........#..#....#......#....#...
...........#.....#......#........
...........#รท....................
.......>........#...###..........
.#..............#.#..#...........
.#......................#........
.#................###........#...
...........#....@###........#####
##........##....5............####
.....###.........##..............
.....######......##.......###....
........# #...............###....
.....##.####...^...#.............
.....##............####..#.......
...................## ##.#.##....
.....###............####...##....


You could see Grinder.

Vanquished Creatures
  A scorpion (D:4)
  A hound (D:3)
  A bullfrog skeleton (D:4)
  An orc wizard (D:4)
  An iguana (D:4)
  2 worker ants
  5 adders
  An ooze (D:3)
  2 worms
  A dart slug (D:4)
  2 leopard geckos
  5 orcs (D:4)
  A ball python (D:1)
  3 bats
  3 giant cockroaches
  5 goblins
  8 hobgoblins
  3 jackals (D:4)
  6 kobolds
  5 frilled lizards
  A jackal skeleton (D:4)
  A jackal zombie (D:2)
  5 rats
64 creatures vanquished.

Notes
Turn   | Place    | Note
-------+----------+-------------------------------------------
     0 | D:1      | Kemay the Octopode Transmuter began the quest for the Orb.
     0 | D:1      | Reached XP level 1. HP: 13/13 MP: 3/3
   413 | D:1      | Reached XP level 2. HP: 10/18 MP: 5/5
   774 | D:1      | Reached skill level 3 in Transmutations
  1197 | D:2      | Reached XP level 3. HP: 14/23 MP: 6/6
  1508 | D:2      | Reached skill level 4 in Transmutations
  1516 | D:2      | Learned a level 3 spell: Spider Form
  1595 | D:2      | Reached XP level 4. HP: 27/28 MP: 5/7
  2182 | D:3      | Reached skill level 1 in Poison Magic
  2473 | D:3      | Found a hide-covered altar of Uskayaw.
  2551 | D:3      | Found a hazy altar of Hepliaklqana.
  2734 | D:3      | Found an iron altar of Okawaru.
  2735 | D:3      | Found a glowing golden altar of the Shining One.
  2808 | D:3      | Found a sparkling altar of Nemelex Xobeh.
  2956 | D:3      | Reached XP level 5. HP: 3/33 MP: 6/8
  3390 | D:4      | Noticed Grinder
  3635 | D:4      | Reached skill level 5 in Transmutations
  3924 | D:4      | Paralysed by Grinder for 4 turns
  3952 | D:3      | Reached XP level 6. HP: 4/38 MP: 7/9
  4310 | D:4      | Paralysed by Grinder for 2 turns
  4538 | D:4      | Found a staircase to the Ecumenical Temple.
  4656 | D:4      | Learned a level 5 spell: Blade Hands
  4749 | Temple   | Entered the Ecumenical Temple
  4825 | Temple   | Became a worshipper of Sif Muna the Loreminder
  4914 | D:4      | Reached skill level 6 in Transmutations
  4921 | D:4      | Found Kas Ute's Distillery.
  4970 | D:4      | Found a runed door.
  5158 | D:4      | Paralysed by Grinder for 3 turns
  5167 | D:4      | Paralysed by Grinder for 4 turns
  5175 | D:4      | Killed from afar by Grinder

Skill      XL: |  1  2  3  4  5  6 |
---------------+-------------------+-----
Transmutations | 3 4 5 6 |  6.0
Poison Magic   | 2 3 |  3.2
Fighting       | |  1.0
Dodging        | |  2.0
Unarmed Combat | |  3.0
Spellcasting   | |  2.0

Action                   |  1- 3 |  4- 6 || total
-------------------------+-------+-------++-------
Melee: Unarmed           |    69 |   127 ||   196
       Constrict         |    16 |    28 ||    44
       Kick              |    15 |    41 ||    56
       Tentacles         |    10 |    29 ||    39
       Punch             |     1 |     2 ||     3
 Cast: Beastly Appendage |    19 |    26 ||    45
       Spider Form       |       |     1 ||     1
  Use: Scroll            |     3 |     5 ||     8
       Potion            |       |     7 ||     7
 Stab: Sleeping          |     4 |     5 ||     9
  Eat: Chunk             |     2 |     9 ||    11
       Fruit             |       |     2 ||     2
       Beef jerky        |       |     1 ||     1
Armor: Skin              |     3 |    11 ||    14
Dodge: Dodged            |    23 |    59 ||    82
Block: Other             |    10 |     9 ||    19
       Reflection        |       |     2 ||     2
